 Dungeon Crawl Stone Soup version 0.30-a0-956-gcec3b41aec (console) character file.

Game seed: 16816203128272058901

3901 toffzen the Cleaver (level 10, -9/135 HPs)
             Began as a Minotaur Berserker on Mar 29, 2023.
             Was an Elder of Trog.
             Succumbed to a kobold brigand's curare-tipped dart
             ... on level 7 of the Dungeon.
             The game lasted 00:10:54 (5654 turns).

toffzen the Cleaver (Minotaur Berserker)            Turns: 5654, Time: 00:10:54

Health: -9/135     AC: 23    Str: 24    XL:     10   Next: 0%
Magic:  9/9        EV:  6    Int:  4    God:    Trog [****..]
Gold:   566        SH:  0    Dex: 12    Spells: 9/9 levels left

rFire   + . .      SeeInvis +    a - +2 executioner's axe (venom)
rCold   . . .      Faith    .    (shield currently unavailable)
rNeg    . . .      Spirit   .    A - +0 crystal plate armour "Cusaopp" {rElec Will+ SInv}
rPois   .          Reflect  .    (helmet restricted)
rElec   +          Rampage  .    (no cloak)
rCorr   .                        (no gloves)
Will    +....                    (no boots) Stlth
                                 (no amulet)
HPRegen 0.42/turn                b - +4 ring of protection
MPRegen 0.11/turn                m - ring of protection from fire

@: berserking (expiring), lethally poisoned (-9 -> -45), slowed
A: horns 2, retaliatory headbutt
a: Renounce Religion, Berserk, Trog's Hand, Brothers in Arms


You were on level 7 of the Dungeon.
You worshipped Trog.
Trog was greatly pleased with you.
You visited 1 branch of the dungeon, and saw 8 of its levels.

You collected 566 gold pieces.

Inventory:

Hand Weapons
 a - a +2 executioner's axe of venom (weapon)
 k - a +1 hand axe of freezing
 E - a +1 flail of venom
Missiles
 e - 72 stones (quivered)
 o - a throwing net
 q - 4 poisoned darts
Armour
 y - the scarf "Muoro" {harm, rElec}
   (You found it on level 7 of the Dungeon)

   rElec:     It insulates you from electricity.
 A - the +0 crystal plate armour "Cusaopp" (worn) {rElec Will+ SInv}
   (You acquired it on level 5 of the Dungeon)

   rElec:     It insulates you from electricity.
   SInv:      It lets you see invisible.
   Will:      It increases your willpower.
Jewellery
 b - a +4 ring of protection (left hand)
 l - a ring of positive energy
 m - a ring of protection from fire (right hand)
 s - a ring of see invisible
 z - a ring of positive energy
 G - an amulet of regeneration
Scrolls
 c - 2 scrolls of enchant weapon
 f - 5 scrolls of enchant armour
 h - 3 scrolls of blinking
 i - 3 scrolls of identify
 w - 5 scrolls of teleportation
Potions
 d - a potion of resistance
 g - a potion of flight
 j - a potion of attraction
 n - 5 potions of heal wounds
 p - 2 potions of might
 r - 2 potions of berserk rage
 t - a potion of lignification
 u - a potion of curing
 v - a potion of degeneration
 D - a potion of mutation


   Skills:
 + Level 8.6 Fighting
 * Level 11.4 Axes
 + Level 8.1 Armour
 + Level 7.3 Dodging


You had 9 spell levels left.
You didn't know any spells.
Your spell library was empty.

Dungeon Overview and Level Annotations

Branches:
Dungeon (8/15)             Temple (0/1) D:6
   Lair: D:8-11

Altars:
Fedhas
Gozag
Makhleb
Nemelex Xobeh
Xom

Shops:
D:1 *   D:4 [   D:5 (

Annotations:
D:4 3 runed translucent doors, bmj180's ghost, amateur GrEE


Innate Abilities, Weirdness & Mutations

You have a pair of horns on your head.
You reflexively headbutt those who attack you in melee.


Message History

* * * LOW HITPOINT WARNING * * *
You feel as though you will be slow longer.
Your Armour skill increases to level 8!
You slice the water moccasin!!
The water moccasin is almost dead.
You slash the yak!
You kill the yak!
Trog accepts your kill.
You feel very sick.
The water moccasin bites you but does no damage. x2
The kobold brigand throws a curare-tipped dart.
The curare-tipped dart closely misses you.
You closely miss the water moccasin.
The water moccasin is almost dead.
You feel very sick.
The water moccasin bites you but does no damage.
The water moccasin bites you!
* * * LOW HITPOINT WARNING * * *
You slash the water moccasin!
You kill the water moccasin!
Trog accepts your kill.
You feel very sick.
The kobold brigand throws a curare-tipped dart.
The curare-tipped dart hits you.
You are lethally poisoned!
You have difficulty breathing.
* * * LOW HITPOINT WARNING * * *
You feel as though you will be slow longer.
You have reached level 10!
* * * LOW HITPOINT WARNING * * *
You feel very sick.
The kobold brigand throws a curare-tipped dart.
The curare-tipped dart hits you.
You are more poisoned.
You have difficulty breathing.
* * * LOW HITPOINT WARNING * * *
You feel as though you will be slow longer.
You climb upwards.
You feel a strong urge to attack something.
You die...

.......############.#.#...##
###.
##......[.....).....#......#
#...
##.#...#############.......#
#.## .....##...## #.#.....# #.#
##.#.#.##..## #.##...## #.#
##....####..# #####.####.# #.#
...#.## ###.# #.....# #.# #.#
####.# ##...## #.##### #.# #.#
#...###..#..###@# #.# #.#
#.####..###..##.# #.# #.#
#>###..#####..#.# #.# #.#
#.##..###.###...# #.## #.#
#.##.###._.###..# #..# #.#
#.##..###.###.).# ##.# #.#
#.##...#'#+#..#.# #.# #.#
#.##....###..##.#########.# #.#
##.##.##..#...##.#.........###.#


There were no monsters in sight!

Vanquished Creatures
  Grinder (D:4)
  A wyvern (D:8)
  4 yaks (D:8)
  2 steam dragons
  Edmund (D:6)
  Menkaure (D:4)
  3 water moccasins
  An orc warrior (D:6)
  A sky beast (D:6)
  A centaur (D:5)
  4 phantoms
  Blork the orc (D:4)
  A bullfrog (D:7)
  4 scorpions
  3 wights (D:7)
  2 howler monkeys (D:6)
  6 orc priests
  4 hounds
  4 jellies
  6 orc wizards
  A sleepcap (D:4)
  7 iguanas
  Robin (D:4)
  5 adders
  A worm (D:2)
  A dart slug (D:2)
  30 orcs
  6 bats
  7 endoplasms
  2 giant cockroaches
  15 goblins
  11 hobgoblins
  10 jackals
  11 quokkas
  2 ball pythons
  2 frilled lizards
  5 kobolds
168 creatures vanquished.

Vanquished Creatures (others)
  3 toadstools (D:5)
3 creatures vanquished.

Grand Total: 171 creatures vanquished

Notes
Turn   | Place    | Note
-------+----------+-------------------------------------------
     0 | D:1      | toffzen the Minotaur Berserker began the quest for the Orb.
     0 | D:1      | Reached XP level 1. HP: 19/19 MP: 0/0
   100 | D:1      | Reached XP level 2. HP: 27/27 MP: 1/1
   107 | D:1      | Reached skill level 4 in Axes
   596 | D:1      | Found Kyuhe's Assorted Antiques.
   627 | D:1      | Found a faded altar of an unknown god.
   634 | D:1      | Reached XP level 3. HP: 33/33 MP: 2/2
   976 | D:2      | Reached ** piety under Trog
  1079 | D:2      | Reached XP level 4. HP: 37/40 MP: 3/3
  1694 | D:3      | Reached skill level 5 in Axes
  1846 | D:3      | Reached XP level 5. HP: 35/47 MP: 4/4
  2309 | D:4      | Found a runed translucent gate.
  2320 | D:4      | Reached XP level 6. HP: 53/55 MP: 5/5
  2324 | D:4      | Found a runed translucent gate.
  2326 | D:4      | Found a runed translucent gate.
  2332 | D:4      | Noticed bmj180's ghost (amateur GrEE)
  2346 | D:4      | Reached *** piety under Trog
  2355 | D:4      | Reached skill level 6 in Axes
  2357 | D:4      | Reached skill level 5 in Fighting
  2359 | D:4      | Noticed Menkaure
  2373 | D:4      | Killed Menkaure
  2459 | D:4      | Noticed Grinder
  2505 | D:4      | Paralysed by Grinder for 5 turns
  2516 | D:4      | Killed Grinder
  2517 | D:4      | Reached skill level 7 in Axes
  2517 | D:4      | Reached XP level 7. HP: 44/61 MP: 6/6
  2586 | D:4      | Found Amnyek's Armour Shoppe.
  2620 | D:4      | Noticed Robin
  2637 | D:4      | Killed Robin
  2638 | D:4      | Reached skill level 5 in Armour
  3160 | D:4      | Noticed Blork the orc
  3167 | D:4      | Killed Blork the orc
  3368 | D:5      | Entered Level 5 of the Dungeon
  3368 | D:5      | Found Qoghouf's Weapon Shop.
  3385 | D:4      | Reached XP level 8. HP: 63/70 MP: 7/7
  3444 | D:5      | Reached skill level 8 in Axes
  3444 | D:5      | Reached skill level 5 in Dodging
  3445 | D:5      | Identified 2 scrolls of acquirement
  3445 | D:5      | Acquired the +0 crystal plate armour "Cusaopp" {rElec Will+
                  | SInv}
  3458 | D:5      | Acquired a +2 executioner's axe of venom
  3636 | D:5      | You fall into a shaft and drop 2 floors!
  3816 | D:7      | Identified the scarf "Muoro" {harm, rElec}
  3898 | D:7      | Reached skill level 9 in Axes
  4093 | D:6      | Reached XP level 9. HP: 79/79 MP: 8/8
  4101 | D:6      | Found a staircase to the Ecumenical Temple.
  4185 | D:6      | Noticed Edmund
  4195 | D:6      | Killed Edmund
  4195 | D:6      | Reached **** piety under Trog
  4452 | D:6      | Reached skill level 10 in Axes
  5015 | D:5      | Found a white marble altar of Elyvilon.
  5018 | D:5      | Found a blossoming altar of Fedhas.
  5018 | D:5      | Found an opulent altar of Gozag.
  5020 | D:5      | Found a burning altar of Makhleb.
  5020 | D:5      | Found a shimmering altar of Xom.
  5020 | D:5      | Found a shimmering altar of Xom.
  5361 | D:7      | Found a sparkling altar of Nemelex Xobeh.
  5646 | D:8      | Reached skill level 11 in Axes
  5653 | D:8      | Reached XP level 10. HP: 12/90 MP: 9/9
  5653 | D:8      | HP: 6/135 [poisoned by a kobold brigand (curare-tipped
                  | dart)]
  5653 | D:8      | HP: 2/135 [asphyx]
  5654 | D:7      | Succumbed to a kobold brigand's curare-tipped dart

Illustrated notes

Levels and vault maps discovered:
D:1:      dpeg_arrival_stonehenge_12_columns, layout_loops_ring, serial_shops,
          nicolae_shop_advertising_works [nicolae_subvault_shop_adworks],
          hellmonk_ecumenical_altar_arch_garden
D:2:      layout_basic, roderic_nine_men_s_morris
D:3:      layout_rooms
D:4:      layout_cave_pods, serial_shops, shop, gammafunk_ghost_split,
          wad_floor_pattern_untrapped, minivault_1, kennysheep_donut,
          roderic_roman_lattice, uniq_crazy_yiuf_cottage, uniq_robin,
          uniq_blork_the_orc, uniq_grinder, uniq_menkaure
D:5:      layout_rooms, doesnt_xom_only_xom, serial_shops,
          nicolae_stop_n_shop_1, minmay_gold_behind_fungi
D:6:      layout_gridville, temple_green, uniq_edmund
D:7:      layout_loops_ring, nemelex_diamond_rough_becter
D:8:      layout_loops_ring, nicolae_ru_sacrificial_ziggurat,
          mainiacjoe_overflow_surrounded_room

Skill      XL: |  1  2  3  4  5  6  7  8  9 |
---------------+----------------------------+-----
Axes           | 4 5 7 9 11 | 11.4
Fighting       | 4 5 6 7 8 |  8.6
Armour         | 3 4 5 6 8 |  8.1
Dodging        | 3 4 6 7 |  7.3

Action                     |  1- 3 |  4- 6 |  7- 9 | 10-12 || total
---------------------------+-------+-------+-------+-------++-------
  Melee: Hand axe          |    86 |   123 |    80 |       ||   289
         Headbutt          |     6 |    18 |    37 |       ||    61
         Punch             |       |       |     2 |       ||     2
         Executioner's axe |       |       |   112 |       ||   112
  Throw: Stone             |       |     4 |       |       ||     4
 Invoke: Berserk           |       |     4 |     1 |       ||     5
         Trog's Hand       |       |     4 |     2 |       ||     6
    Use: Potion            |       |     1 |       |       ||     1
         Scroll            |       |     3 |    16 |       ||    19
 Armour: Animal skin       |    15 |     4 |       |       ||    19
         Ring mail         |       |    35 |    18 |       ||    53
         Crystal plate arm |       |       |   117 |       ||   117
  Dodge: Dodged            |    73 |    73 |    80 |       ||   226

Table legend: (Time is in decaauts)
 A = Elapsed time spent in this place.
 B = Non-inter-level travel time spent in this place.
 C = Inter-level travel time spent in this place.
 D = Time resting spent in this place.
 E = Time spent auto-exploring this place.
 F = Levels seen in this place.
 G = Mean time per level.
                   A        B        C        D        E       F      G
               +--------+--------+--------+--------+--------+-----+--------+
         Total |   5749 |   5526 |    223 |    412 |   3868 |   8 |  718.6 |
       Dungeon |   5749 |   5526 |    223 |    412 |   3868 |   8 |  718.6 |
               +--------+--------+--------+--------+--------+-----+--------+

Top non-repeatable levels by time:
     D:4: 1271 daAuts
     D:1: 888 daAuts
     D:6: 853 daAuts
     D:2: 797 daAuts
     D:7: 701 daAuts
     D:5: 700 daAuts
     D:3: 522 daAuts
     D:8: 14 daAuts
